AoeStats
← 小沁

Nomad

506440091Analyzed
2v2 RM · 17d ago on Sep 13, 2026· 41m 52s· 4 players
Game mode
Random Map
Map size
176×176
Population
200
Speed
Normal
Resources
Standard
Victory
Conquest
Starting age
Dark Age
Ending age
Imperial Age
RankedLock teamsTeams togetherTeam positionsShared explorationLock speedFull tech treeHidden civsTurbo modeCheats
Victory
Defeat
🇲🇽 Franks · Mexico
1143
+18
🇹🇼 Huns · Taiwan
1136
+19
🇲🇽 Malay · Mexico
1213
-19
🇲🇽 Aztecs · Mexico
1184
-18
SAGAS9447
8:33 Loom
14:33 Feudal Age
19:42 Castle Age
21:48 Scale Barding Armor
21:42 Man-at-Arms
23:45 Medium Warships
26:36 Husbandry
30:07 Town Watch
35:09 Imperial Age
34:32 Wheelbarrow
34:06 Double-Bit Axe
35:39 Squires
36:44 Chain Barding Armor
35:55 Cavalier
36:34 Gold Mining
36:33 Long Swordsman
37:53 Conscription
38:07 Gambesons
39:07 Sanctity
40:09 Forging
39:55 Two-Handed Swordsman
40:30 Fletching
40:23 Capped Ram
41:02 Demolition Ship
41:50 Arson
42:45 Iron Casting
小沁
13:55 Feudal Age
15:23 Double-Bit Axe
16:04 Loom
18:24 Castle Age
16:18 Fletching
16:33 Fishing Lines
17:24 Forging
18:12 Gold Mining
19:26 Husbandry
19:37 Gillnets
21:27 Bloodlines
25:55 Scale Barding Armor
31:05 Chain Barding Armor
31:28 Wheelbarrow
30:58 Loom
35:10 Imperial Age
33:40 Padded Archer Armor
35:08 Leather Archer Armor
35:53 Bow Saw
36:24 Parthian Tactics
37:38 Gold Shaft Mining
37:13 Bodkin Arrow
38:52 Ballistics
39:09 Bracer
39:32 Thumb Ring
83T01SRA3L
4:31 Loom
14:04 Feudal Age
17:48 Castle Age
16:50 Gold Mining
17:00 Stone Mining
17:21 Double-Bit Axe
18:12 Bow Saw
18:51 Horse Collar
20:24 Fishing Lines
21:44 Forging
23:06 Iron Casting
25:45 Wheelbarrow
26:50 Fletching
29:12 Bodkin Arrow
32:01 Imperial Age
29:19 Pikeman
29:51 Crossbowman
30:56 Squires
32:46 Bracer
33:50 Ballistics
34:40 Chemistry
33:21 Treadmill Crane
34:11 Arbalester
36:58 Thumb Ring
37:27 Conscription
37:59 Padded Archer Armor
37:35 Elite Skirmisher
41:16 Leather Archer Armor
MXShino88
6:03 Loom
13:25 Feudal Age
15:39 Gold Mining
20:13 Castle Age
18:44 Scale Mail Armor
20:22 Eagle Warrior
21:19 Chain Mail Armor
22:31 Forging
22:55 Pikeman
26:36 Squires
28:02 Double-Bit Axe
31:14 Fletching
33:11 Wheelbarrow
32:49 Bow Saw
33:06 Town Watch
36:21 Hand Cart
36:57 Stone Mining
43:40 Imperial Age
Connection lost

Rejoining the realm…

Still unreachable

The connection could not be restored.

Session expired

The server has moved on; the page needs a fresh start.